[Event "Titled Tuesday Blitz August 1 Early 2023"]
[White "Burmakin, Vladimir"]
[Black "Erzhanov, Arman"]
[WhiteFideId "4105109"]
[BlackFideId "4138821"]
[WhiteElo "2604"]
[BlackElo "2518"]
[Result "1-0"]
[Round "11"]
[TimeControl "180+1"]
[Date "2023.08.01"]
[WhiteClock "0:00:10"]
[BlackClock "0:00:14"]
[Board "67"]

1. c4 d6 2. g3 e5 3. Bg2 Nc6 4. Nc3 Be6 5. d3 g6 6. h4 h6 7. Rb1 a5 8. a3 Bg7 9. b4 axb4 10. axb4 Qd7 11. b5 Nd8 12. Bb2 Nf6 13. e3 O-O 14. Nge2 Ng4 15. O-O f5 16. Nd5 g5 17. hxg5 hxg5 18. Qd2 Ra2 19. f3 Nf6 20. Nxf6+ Bxf6 21. Ra1 Rxa1 22. Rxa1 d5 23. cxd5 Bxd5 24. Qb4 Be6 25. Rd1 Nf7 26. d4 Rd8 27. Rd2 Be7 28. Qc3 Qxb5 29. dxe5 Rxd2 30. Qxd2 Nxe5 31. Nd4 Qd7 32. Qc3 Bf6 33. Nxe6 Qxe6 34. Qxc7 Nxf3+ 35. Kf2 Bxb2 36. Qb8+ Kh7 37. Qxb7+ Kg6 38. Bxf3 f4 39. gxf4 gxf4 40. Qxb2 Qxe3+ 41. Kg2 Qe5 42. Qxe5 1-0


[Site "https://www.chess.com"]

[Event "Titled Tuesday Blitz August 1 Early 2023"]
[White "Tikhonov, Viacheslav"]
[Black "Vaibhav Jayant Raut"]
[WhiteFideId "44196407"]
[BlackFideId "5089034"]
[WhiteElo "2518"]
[BlackElo "2588"]
[Result "1/2-1/2"]
[Round "11"]
[TimeControl "180+1"]
[Date "2023.08.01"]
[WhiteClock "0:00:08"]
[BlackClock "0:00:17"]
[Board "68"]

1. e4 c5 2. Nf3 Nc6 3. d4 cxd4 4. Nxd4 Nf6 5. Nc3 e5 6. Ndb5 d6 7. Bg5 a6 8. Na3 b5 9. Nd5 Be7 10. Bxf6 Bxf6 11. c3 O-O 12. Nc2 Be6 13. a4 bxa4 14. Rxa4 a5 15. Bc4 Bg5 16. h4 Bh6 17. g4 Bf4 18. Qf3 Rb8 19. b3 Bd7 20. Ra2 a4 21. b4 Rc8 22. Ba6 Ra8 23. Bb5 Nxb4 24. Ncxb4 Bxb5 25. Nxf4 exf4 26. Qxf4 Bc4 27. Ra3 Bb3 28. h5 Rc8 29. Rh3 Re8 30. h6 d5 31. e5 Qe7 32. hxg7 Qxe5+ 33. Qxe5 Rxe5+ 34. Re3 Rxe3+ 35. fxe3 Kxg7 36. Kd2 Kf6 37. Ra1 Kg5 38. Rf1 Kxg4 39. Rxf7 h5 40. Nd3 h4 41. Rg7+ Kf5 42. Rh7 Rg8 43. Rxh4 Rg2+ 44. Ke1 Rc2 45. Nc5 Rxc3 46. Nxa4 Rxe3+ 47. Kd2 Rg3 48. Nc3 Ke5 49. Rh5+ Kd6 50. Rh6+ Kc5 51. Rh5 Rg2+ 52. Kd3 Bc2+ 53. Ke3 Bb3 54. Ne4+ Kb4 55. Nd2 Bc4 56. Rh4 Rg3+ 57. Kf2 Ra3 58. Ke1 Ra1+ 59. Kf2 Ra2 60. Ke3 Kc3 61. Nf3 Re2+ 62. Kf4 d4 63. Nxd4 Kxd4 64. Kf3+ Kd3 65. Rxc4 Re3+ 66. Kf2 Re8 67. Rf4 Kd2 68. Rf3 Rd8 69. Rf7 Rd6 70. Kg3 Re6 71. Kf4 Kd3 72. Kf5 1/2-1/2


[Site "https://www.chess.com"]

[Event "Titled Tuesday Blitz August 1 Early 2023"]
[White "Vyatkin, Dmitry"]
[Black "Sturt, Raven"]
[WhiteFideId "4171900"]
[BlackFideId "2007304"]
[WhiteElo "2515"]
[BlackElo "2578"]
[Result "0-1"]
[Round "11"]
[TimeControl "180+1"]
[Date "2023.08.01"]
[WhiteClock "0:00:33"]
[BlackClock "0:01:45"]
[Board "69"]

1. d4 f5 2. Bg5 g6 3. h4 h6 4. Bf4 Bg7 5. Nc3 Nf6 6. Qd2 d6 7. O-O-O Nc6 8. Nf3 Rb8 9. d5 e5 10. dxe6 Bxe6 11. Re1 Ne4 12. Nxe4 fxe4 13. Ng1 Qf6 14. c3 b5 15. e3 b4 16. c4 b3 17. a3 O-O 18. Ne2 Bxc4 19. Nc3 Bxf1 20. Rexf1 Qe6 21. Rd1 Rf5 22. Kb1 Rc5 23. Rc1 Na5 0-1


[Site "https://www.chess.com"]

[Event "Titled Tuesday Blitz August 1 Early 2023"]
[White "Pastar, Slaven"]
[Black "Nareks, Matic"]
[WhiteFideId "14402718"]
[BlackFideId "14629526"]
[WhiteElo "2571"]
[BlackElo "2507"]
[Result "0-1"]
[Round "11"]
[TimeControl "180+1"]
[Date "2023.08.01"]
[WhiteClock "0:00:39"]
[BlackClock "0:01:41"]
[Board "70"]

1. b3 e5 2. Bb2 Nc6 3. Nf3 Bd6 4. d4 exd4 5. Nxd4 Nxd4 6. Qxd4 Nf6 7. Nc3 O-O 8. Nd5 Ne8 9. O-O-O c6 10. Ne3 Be7 11. Qf4 Bg5 12. Qg3 d5 13. Kb1 Bf6 14. Bxf6 Qxf6 15. h4 Nd6 16. Ng4 Bxg4 17. Qxg4 Ne4 18. Qf3 Nxf2 19. Qxf6 gxf6 20. Rd3 Nxh1 21. Rf3 Kh8 22. g4 Rg8 23. Bh3 Rae8 24. e3 f5 25. g5 f4 26. exf4 Re2 27. Bf1 Re1+ 28. Kb2 Rge8 29. Bg2 R8e2 30. Bh3 Re3 0-1


[Site "https://www.chess.com"]

[Event "Titled Tuesday Blitz August 1 Early 2023"]
[White "Garcia Almaguer, Juan Manuel"]
[Black "Onufrienko, Vladislav"]
[WhiteFideId "5110491"]
[BlackFideId "13804332"]
[WhiteElo "2494"]
[BlackElo "2569"]
[Result "0-1"]
[Round "11"]
[TimeControl "180+1"]
[Date "2023.08.01"]
[WhiteClock "0:00:09"]
[BlackClock "0:00:08"]
[Board "71"]

1. e4 Nf6 2. e5 Nd5 3. d4 d6 4. c4 Nb6 5. f4 dxe5 6. fxe5 Nc6 7. Be3 Bf5 8. Nf3 e6 9. a3 f6 10. Qe2 fxe5 11. dxe5 Bg4 12. Nbd2 Be7 13. O-O-O O-O 14. h3 Bh5 15. Ne4 Qe8 16. g4 Bg6 17. Nc5 Bxc5 18. Bxc5 Rf4 19. Bxb6 axb6 20. Qe3 Re4 21. Qc3 Rf4 22. Be2 h6 23. Rhf1 Qe7 24. Nd2 Raf8 25. Rxf4 Rxf4 26. Rf1 Qg5 27. Rxf4 Qxf4 28. c5 bxc5 29. Bc4 Bf7 30. Bb5 Nxe5 31. Qxc5 Nf3 32. Qf2 Qxd2+ 33. Qxd2 Nxd2 34. Kxd2 Kf8 35. a4 Ke7 36. a5 Kd6 37. b4 e5 38. Kc3 Bd5 39. Be2 g5 40. Bd3 Bg2 41. Bf5 c6 42. Kc4 Bxh3 43. b5 cxb5+ 44. Kxb5 Bg2 45. Kb6 Bd5 46. Bc8 e4 47. Bxb7 Bxb7 48. Kxb7 e3 49. a6 e2 50. a7 e1=Q 51. a8=Q Qh1+ 52. Kb8 Qxa8+ 53. Kxa8 Ke5 54. Kb7 Kf4 55. Kc6 Kxg4 56. Kd5 Kf3 0-1


[Site "https://www.chess.com"]

[Event "Titled Tuesday Blitz August 1 Early 2023"]
[White "Grossboss19"]
[Black "Tologon tegin, Semetei"]
[BlackFideId "13800574"]
[WhiteElo "2491"]
[BlackElo "2566"]
[Result "0-1"]
[Round "11"]
[TimeControl "180+1"]
[Date "2023.08.01"]
[WhiteClock "0:00:00"]
[BlackClock "0:00:07"]
[Board "72"]

1. c4 e5 2. Nc3 Nf6 3. g3 Nc6 4. Nf3 Bc5 5. Bg2 d6 6. O-O h6 7. a3 a5 8. d3 O-O 9. Rb1 Be6 10. Ne1 Qd7 11. Nc2 Bh3 12. b4 axb4 13. axb4 Bb6 14. b5 Nd4 15. Ne3 Bc5 16. Ned5 Nxd5 17. Nxd5 c6 18. bxc6 bxc6 19. Bxh3 Qxh3 20. Ne7+ Kh7 21. e3 Ne6 22. Nxc6 f5 23. d4 f4 24. exf4 exf4 25. Qd3+ Kh8 26. Re1 Bxd4 27. Nxd4 Nxd4 28. Kh1 fxg3 29. Qxg3 Qf5 30. Be3 Nf3 31. Red1 Qe4 32. Qg2 Rf6 33. Rb4 Rg6 34. c5 Rxg2 35. Kxg2 Qg6+ 36. Kxf3 Qh5+ 37. Rg4 Rf8+ 38. Kg3 dxc5 39. Rd7 Qe5+ 40. Kg2 Rg8 0-1


[Site "https://www.chess.com"]

[Event "Titled Tuesday Blitz August 1 Early 2023"]
[White "favesaul"]
[Black "Sadykov, Ramil"]
[BlackFideId "24113590"]
[WhiteElo "2465"]
[BlackElo "2564"]
[Result "1-0"]
[Round "11"]
[TimeControl "180+1"]
[Date "2023.08.01"]
[WhiteClock "0:00:16"]
[BlackClock "0:00:00"]
[Board "73"]

1. e4 c5 2. Nf3 e6 3. d4 cxd4 4. Nxd4 Nf6 5. Nc3 Nc6 6. Be2 Bb4 7. O-O Bxc3 8. bxc3 Nxe4 9. Bd3 Nf6 10. Nxc6 bxc6 11. Ba3 d6 12. Qf3 d5 13. Qg3 g6 14. Qe5 Rg8 15. Rfe1 Nd7 16. Qd6 Nb6 17. Qxc6+ Bd7 18. Qd6 Rc8 19. Bb4 Nc4 20. Qxd5 Nb6 21. Qe5 f6 22. Qd6 Kf7 23. Rad1 Nd5 24. Be4 Rc6 25. Qg3 Re8 26. h4 a5 27. Bxd5 exd5 28. Bd6 Bf5 29. Rxe8 Qxe8 30. Rxd5 Rc4 31. Bc5 Qe1+ 32. Kh2 Kg7 33. Bd4 Kh6 34. Rd8 Kg7 35. Qd6 1-0


[Site "https://www.chess.com"]

[Event "Titled Tuesday Blitz August 1 Early 2023"]
[White "Vlassov, Nikolai"]
[Black "Mendez Fortes, Eduardo Jesus"]
[WhiteFideId "4103360"]
[BlackFideId "3502376"]
[WhiteElo "2546"]
[BlackElo "2560"]
[Result "1-0"]
[Round "11"]
[TimeControl "180+1"]
[Date "2023.08.01"]
[WhiteClock "0:00:49"]
[BlackClock "0:01:49"]
[Board "74"]

1. e4 c5 2. c3 Nf6 3. e5 Nd5 4. d4 cxd4 5. cxd4 Nc6 6. Nc3 Nxc3 7. bxc3 d5 8. Bd3 e6 9. Qg4 h5 10. Qg3 g6 11. Nf3 Be7 12. O-O a6 13. a4 Bd7 14. Ba3 Bxa3 15. Rxa3 Qe7 16. Rb3 Na5 17. Rb4 Rc8 18. Bxg6 fxg6 19. Qxg6+ Kd8 20. Ng5 Kc7 21. h4 Rcg8 22. Qd3 Nc4 23. f4 Rf8 24. g3 Rhg8 25. Kh2 Be8 26. Rfb1 b6 27. Rxc4+ dxc4 28. Qxc4+ Kb7 29. Nxe6 Bf7 30. d5 Bxe6 31. Qc6+ Ka7 32. Qxb6+ Ka8 33. Qxa6+ Qa7 34. Qc6+ 1-0


[Site "https://www.chess.com"]

[Event "Titled Tuesday Blitz August 1 Early 2023"]
[White "Gauri, Shankar"]
[Black "Han, Yichen"]
[WhiteFideId "5041350"]
[BlackFideId "1054430"]
[WhiteElo "2560"]
[BlackElo "2414"]
[Result "0-1"]
[Round "11"]
[TimeControl "180+1"]
[Date "2023.08.01"]
[WhiteClock "0:00:13"]
[BlackClock "0:00:05"]
[Board "75"]

1. d4 d5 2. Nf3 Nf6 3. c4 e6 4. g3 dxc4 5. Bg2 c6 6. O-O b5 7. a4 Bb7 8. Ne5 a6 9. axb5 axb5 10. Rxa8 Bxa8 11. Nc3 Qb6 12. e4 Be7 13. Be3 Qd8 14. Qa1 Nbd7 15. Qa7 O-O 16. Ra1 b4 17. Ne2 Nxe5 18. dxe5 Ng4 19. Bb6 Qd2 20. Bf1 Qxb2 21. Ra2 Qb1 22. Ra1 Qxe4 23. Qxe7 c5 24. Rxa8 Rxa8 25. Bd8 h6 26. Qe8+ Kh7 27. h3 Nxe5 28. Nf4 Nf3+ 29. Kg2 Ra1 30. Qxf7 Nh4+ 31. Kh2 Rxf1 32. gxh4 Qh1+ 33. Kg3 Rg1+ 34. Ng2 Qxg2+ 35. Kf4 Qxf2+ 36. Ke5 Qxf7 37. Kd6 Qf4+ 38. Kd7 Qd4+ 39. Kc8 Qxd8+ 40. Kxd8 c3 41. h5 c2 42. h4 c1=Q 43. Ke7 b3 44. Kf7 b2 45. Ke7 b1=Q 46. Kf7 Qf5+ 47. Ke7 Qf6+ 48. Ke8 e5 49. Kd7 Qd2+ 50. Ke8 Qdd8# 0-1


[Site "https://www.chess.com"]

[Event "Titled Tuesday Blitz August 1 Early 2023"]
[White "Kashlinskaya, Alina"]
[Black "Swicarz, Maciej"]
[WhiteFideId "4198026"]
[BlackFideId "1113585"]
[WhiteElo "2558"]
[BlackElo "2434"]
[Result "1/2-1/2"]
[Round "11"]
[TimeControl "180+1"]
[Date "2023.08.01"]
[WhiteClock "0:00:41"]
[BlackClock "0:00:34"]
[Board "76"]

1. e4 c5 2. Nf3 d6 3. Bb5+ Nd7 4. Ba4 Nf6 5. Qe2 a6 6. c4 e5 7. O-O g6 8. Nc3 Bg7 9. d3 O-O 10. a3 Rb8 11. b4 b6 12. h3 Ne8 13. Bg5 f6 14. Be3 f5 15. exf5 gxf5 16. Rac1 Nc7 17. Bg5 Qe8 18. Nh4 Ne6 19. Bd2 Nd4 20. Qd1 Bb7 21. bxc5 bxc5 22. Nd5 Bxd5 23. cxd5 Qf7 24. Bc3 Nb6 25. Bxd4 cxd4 26. Bc6 Nxd5 27. Nxf5 Nf4 28. Ng3 Kh8 29. Rb1 Qg6 30. Be4 Qe6 31. Qg4 Qxg4 32. hxg4 Bf6 33. Bf5 Bh4 34. Ne4 Be7 35. g3 Nxd3 36. Nxd6 Bxd6 37. Bxd3 Bxa3 38. Bxa6 e4 39. Bb7 e3 40. fxe3 dxe3 41. Rxf8+ Rxf8 42. Re1 Bc5 43. Re2 Kg7 44. Kg2 Kh6 45. Bf3 Kg5 46. Rc2 Bd4 47. Rc4 Rd8 48. Rc2 h6 49. Ra2 Rd6 50. Rc2 Bb6 51. Rb2 Rd2+ 52. Rxd2 exd2 53. Bd1 1/2-1/2


[Site "https://www.chess.com"]

[Event "Titled Tuesday Blitz August 1 Early 2023"]
[White "Atanasov, Radislav"]
[Black "Rozhkov, Viacheslav"]
[WhiteFideId "2901471"]
[BlackFideId "4181484"]
[WhiteElo "2292"]
[BlackElo "2475"]
[Result "1-0"]
[Round "11"]
[TimeControl "180+1"]
[Date "2023.08.01"]
[WhiteClock "0:00:13"]
[BlackClock "0:00:00"]
[Board "77"]

1. e4 c5 2. c3 Nf6 3. e5 Nd5 4. d4 cxd4 5. Nf3 Nc6 6. cxd4 d6 7. Bc4 Nb6 8. Bb5 d5 9. a4 a6 10. Bxc6+ bxc6 11. a5 Nc4 12. Qa4 Bd7 13. b3 c5 14. Qa2 cxd4 15. bxc4 dxc4 16. O-O Bb5 17. Rd1 d3 18. Na3 Qc7 19. Be3 e6 20. Bb6 Qc8 21. Rac1 Bxa3 22. Qxa3 f6 23. exf6 gxf6 24. Nd4 Kf7 25. Qb2 Qd7 26. Qd2 Rab8 27. Qe3 Rhg8 28. Re1 Rbe8 29. Qh6 Rg7 30. Qh5+ Kf8 31. Qh4 Kf7 32. Qh5+ Kf8 33. Qh3 Kf7 34. Bc5 Qd5 35. Bb6 f5 36. Qh5+ Kf8 37. f3 d2 38. Rcd1 dxe1=Q+ 39. Rxe1 1-0


[Site "https://www.chess.com"]

[Event "Titled Tuesday Blitz August 1 Early 2023"]
[White "Jahnz, Fabian"]
[Black "Ardelean, George-Catalin"]
[WhiteFideId "4653300"]
[BlackFideId "1207091"]
[WhiteElo "2376"]
[BlackElo "2685"]
[Result "1-0"]
[Round "11"]
[TimeControl "180+1"]
[Date "2023.08.01"]
[WhiteClock "0:00:22"]
[BlackClock "0:00:20"]
[Board "78"]

1. e4 c5 2. Nf3 e6 3. d4 cxd4 4. Nxd4 a6 5. c4 Nf6 6. Nc3 Qc7 7. Be3 b6 8. Be2 Bb7 9. f3 d6 10. O-O Be7 11. Bf2 O-O 12. Rc1 Nbd7 13. b3 Rac8 14. Re1 Qb8 15. Bf1 Rfe8 16. a4 Bd8 17. b4 Bc7 18. g3 Ne5 19. Kg2 Qa8 20. Be2 Bb8 21. Qb3 d5 22. cxd5 exd5 23. Nxd5 Nxd5 24. exd5 Bxd5 25. Rxc8 Rxc8 26. Qe3 Ng4 27. Qd3 Nxf2 28. Kxf2 b5 29. axb5 Ba7 30. Kg2 Bxd4 31. Qxd4 axb5 32. Rd1 Bc6 33. Rd3 h6 34. Re3 Qa2 35. Qg4 Rd8 36. Kf2 Qd2 37. Qf4 Qd5 38. Qc7 g5 39. Rd3 1-0


[Site "https://www.chess.com"]

[Event "Titled Tuesday Blitz August 1 Early 2023"]
[White "Panesar Vedant"]
[Black "Ljukin, Sergei"]
[WhiteFideId "35033018"]
[BlackFideId "14102200"]
[WhiteElo "2693"]
[BlackElo "2494"]
[Result "1-0"]
[Round "11"]
[TimeControl "180+1"]
[Date "2023.08.01"]
[WhiteClock "0:00:06"]
[BlackClock "0:00:00"]
[Board "79"]

1. d4 d5 2. c4 c6 3. Nf3 Nf6 4. Nc3 dxc4 5. a4 Bf5 6. Ne5 Na6 7. f3 Nd7 8. Nxc4 e5 9. e4 exd4 10. exf5 dxc3 11. bxc3 Ndc5 12. Qc2 Qd5 13. Be2 O-O-O 14. O-O Nd3 15. Ne3 Bc5 16. Kh1 Bxe3 17. Bxe3 Qxf5 18. Ra2 Rhe8 19. Bd4 Rxd4 20. cxd4 Nab4 21. Bxd3 Qxd3 22. Qxd3 Nxd3 23. Kg1 Nb4 24. Rd2 a5 25. Kf2 Kd7 26. Re1 Rd8 27. Re5 Nd5 28. Rh5 h6 29. Rb2 b6 30. Re2 Kd6 31. Rb2 Rb8 32. g3 b5 33. Re5 b4 34. Re3 Rd8 35. Re4 Nc3 36. Re1 Kd5 37. Rd2 Kc4 38. Re5 Rd5 39. Re7 Rxd4 40. Rxd4+ Kxd4 41. Rxf7 b3 42. Rb7 Kc4 43. Ke1 1-0


[Site "https://www.chess.com"]

[Event "Titled Tuesday Blitz August 1 Early 2023"]
[White "Mmukka"]
[Black "Gunina, Valentina"]
[BlackFideId "4167570"]
[WhiteElo "2488"]
[BlackElo "2678"]
[Result "0-1"]
[Round "11"]
[TimeControl "180+1"]
[Date "2023.08.01"]
[WhiteClock "0:00:01"]
[BlackClock "0:01:00"]
[Board "80"]

1. e4 c6 2. d4 d5 3. exd5 cxd5 4. Bd3 Nc6 5. c3 e6 6. Bf4 Nge7 7. Nf3 Ng6 8. Bg3 Bd6 9. O-O Nf4 10. Bb5 g5 11. Re1 h5 12. h4 gxh4 13. Bxh4 Qb6 14. Bxc6+ bxc6 15. Nbd2 Rg8 16. g3 Qxb2 17. Re3 Ba6 18. Rb1 Qa3 19. c4 Qa5 20. c5 Be7 21. Bxe7 Kxe7 22. Kh2 Nd3 23. Rxd3 Bxd3 24. Rb7+ Ke8 25. Ne5 Bg6 26. Ndf3 Qxa2 27. Kg2 Be4 28. Nxf7 Rg7 29. Nd6+ Kf8 30. Rxg7 Kxg7 31. Nxe4 dxe4 32. Ng5 e3 33. Qe1 Qxf2+ 34. Qxf2 exf2 35. Kxf2 a5 36. Nxe6+ Kf6 37. Nc7 Ra7 38. Ne8+ Ke6 39. Nd6 a4 40. Nc4 a3 41. Ke3 a2 0-1


[Site "https://www.chess.com"]

[Event "Titled Tuesday Blitz August 1 Early 2023"]
[White "Polaczek, Richard"]
[Black "Morefield, Jason"]
[WhiteFideId "200026"]
[BlackFideId "30920825"]
[WhiteElo "2476"]
[BlackElo "2677"]
[Result "0-1"]
[Round "11"]
[TimeControl "180+1"]
[Date "2023.08.01"]
[WhiteClock "0:00:00"]
[BlackClock "0:00:27"]
[Board "81"]

1. Nf3 d5 2. d4 Nf6 3. c4 c6 4. cxd5 cxd5 5. Nc3 Nc6 6. Bf4 a6 7. e3 Bf5 8. h3 Rc8 9. Ne5 Qb6 10. Qd2 e6 11. f3 Nxe5 12. Bxe5 Nd7 13. Bf4 Be7 14. Be2 Bh4+ 15. g3 Be7 16. g4 Bh4+ 17. Kf1 Bg6 18. Kg2 O-O 19. Rac1 Qa5 20. Rhd1 Rc6 21. g5 Rfc8 22. Bd3 Qd8 23. Bxg6 hxg6 24. e4 Nf8 25. Ne2 Rxc1 26. Rxc1 Rxc1 27. Qxc1 Nh7 28. Qc5 Bxg5 29. Bg3 Be7 30. Qa7 Qd7 31. Qb8+ Bf8 32. exd5 Qxd5 33. Nc3 Qc6 34. Ne4 Nf6 35. Bd6 Nd7 0-1


[Site "https://www.chess.com"]

[Event "Titled Tuesday Blitz August 1 Early 2023"]
[White "Schnaider, Ilan"]
[Black "Dinu, Dumitru-Daniel"]
[WhiteFideId "169013"]
[BlackFideId "1208403"]
[WhiteElo "2675"]
[BlackElo "2470"]
[Result "1-0"]
[Round "11"]
[TimeControl "180+1"]
[Date "2023.08.01"]
[WhiteClock "0:00:30"]
[BlackClock "0:00:21"]
[Board "82"]

1. d4 d5 2. c4 dxc4 3. Nf3 Nf6 4. e3 e6 5. Bxc4 c5 6. O-O cxd4 7. Nxd4 a6 8. a4 Bd6 9. Nc3 Bxh2+ 10. Kxh2 Qc7+ 11. Kg1 Qxc4 12. Bd2 O-O 13. Rc1 Qd3 14. a5 e5 15. Nf3 Nc6 16. Ne2 Bg4 17. Rc3 Qd5 18. Nh2 Rad8 19. Nxg4 Nxg4 20. Nc1 Nf6 21. Rd3 Qb5 22. Rxd8 Rxd8 23. Qc2 e4 24. Bc3 Qf5 25. Ne2 Nd5 26. Ng3 Qg6 27. Rd1 h5 28. Nxe4 Nxc3 29. Rxd8+ Nxd8 30. bxc3 Nc6 31. Qd3 Qf5 32. f3 Qxa5 33. Qd7 Qb6 34. Qe8+ Kh7 35. Kh1 Qxe3 36. Nf6+ gxf6 37. Qxe3 Kg6 38. Qd3+ Kg7 39. Qd7 Ne5 40. Qxb7 Kg6 41. Qxa6 Kf5 42. c4 Kf4 43. Qxf6+ Kg3 44. Qxe5+ Kf2 45. Qxh5 Kg3 46. Qxf7 Kf2 47. Qd5 Kg3 48. c5 Kf2 49. c6 Kg3 50. c7 Kf2 51. c8=Q Kg3 52. Qg4+ Kf2 53. Qd2+ Kf1 54. Qc4# 1-0


[Site "https://www.chess.com"]

[Event "Titled Tuesday Blitz August 1 Early 2023"]
[White "Kuznetsov, Mikhail"]
[Black "Nagare Kaivalya Sandip"]
[WhiteFideId "4117190"]
[BlackFideId "25957929"]
[WhiteElo "2472"]
[BlackElo "2659"]
[Result "0-1"]
[Round "11"]
[TimeControl "180+1"]
[Date "2023.08.01"]
[WhiteClock "0:00:00"]
[BlackClock "0:01:16"]
[Board "83"]

1. Nf3 d5 2. g3 Nf6 3. Bg2 Bg4 4. O-O Nbd7 5. d4 e6 6. Nbd2 Bd6 7. Re1 O-O 8. e4 dxe4 9. Nxe4 Nxe4 10. Rxe4 Nf6 11. Re1 c5 12. Be3 Nd5 13. dxc5 Nxe3 14. Rxe3 Bxc5 15. Rd3 Qb6 16. Qe2 Qxb2 17. Rad1 Qxa2 18. h3 Bf5 19. Rc3 Rac8 20. Kh2 Bb6 21. Rxc8 Rxc8 22. Nd4 Bxc2 23. Nxc2 Qxc2 24. Rd2 Qc4 25. Qf3 Qc3 26. Qxb7 Qxd2 27. Qxc8+ Qd8 28. Qc2 g6 29. h4 Qd4 30. Kg1 Kg7 31. h5 a5 32. hxg6 hxg6 33. Bc6 Kf6 34. Kg2 Ke5 35. Qe2+ Kd6 36. Be8 Qxf2+ 37. Qxf2 Bxf2 38. Kxf2 Ke7 39. Ba4 f5 40. Ke3 e5 41. g4 fxg4 42. Ke4 Kd6 43. Bd1 g3 44. Kf3 e4+ 45. Kxg3 Ke5 46. Kg4 Kd4 47. Kf4 e3 48. Kf3 g5 0-1


[Site "https://www.chess.com"]

[Event "Titled Tuesday Blitz August 1 Early 2023"]
[White "Alamzhi21"]
[Black "Yashmetov, Mikhail"]
[BlackFideId "24198900"]
[WhiteElo "2654"]
[BlackElo "2466"]
[Result "0-1"]
[Round "11"]
[TimeControl "180+1"]
[Date "2023.08.01"]
[WhiteClock "0:00:00"]
[BlackClock "0:00:06"]
[Board "84"]

1. c4 Nf6 2. g3 g6 3. Bg2 Bg7 4. e4 d6 5. Nc3 O-O 6. Nge2 c5 7. O-O Nc6 8. d3 a6 9. h3 Rb8 10. a4 Ne8 11. f4 Nc7 12. Kh2 b5 13. axb5 axb5 14. e5 Bd7 15. exd6 exd6 16. cxb5 Nxb5 17. Nxb5 Rxb5 18. Nc3 Rb8 19. Ra6 Qc8 20. Ra2 Be6 21. Ra3 Re8 22. Re1 Nd4 23. Qa4 Bd7 24. Rxe8+ Qxe8 25. Qd1 Bc6 26. Nd5 Qe6 27. Nc7 Qd7 28. Nd5 Qb7 29. Ne3 Re8 30. Bxc6 Qxc6 31. Qa4 Qxa4 32. Rxa4 Nb3 33. Nc4 Nxc1 34. Nxd6 Re2+ 35. Kh1 Nxd3 36. Ra7 Bd4 37. Nxf7 Nf2+ 38. Kg2 Nd3+ 39. Kf3 Re3+ 40. Kg4 Nf2+ 41. Kh4 Bf6+ 42. Ng5 h6 43. Ra6 hxg5+ 44. fxg5 Re4+ 45. g4 Bxb2 46. Rxg6+ Kh7 47. Rc6 Bd4 48. Rc7+ Kg6 49. Rc6+ Kh7 50. Rc7+ Kg8 51. g6 Re5 52. g5 Ne4 53. Kh5 Nd6 54. Rd7 Nf5 55. Rd8+ Kg7 56. Rd7+ Re7 57. Rd5 Ng3+ 58. Kg4 Ne4 59. Rd8 Kxg6 60. h4 Nf2+ 61. Kf3 Rf7+ 62. Kg2 Ne4 63. Re8 Nxg5 64. hxg5 Kxg5 65. Re5+ Bxe5 0-1


[Site "https://www.chess.com"]

[Event "Titled Tuesday Blitz August 1 Early 2023"]
[White "NovoselovRoman"]
[Black "Rosh Jain"]
[BlackFideId "25789465"]
[WhiteElo "2598"]
[BlackElo "2466"]
[Result "1-0"]
[Round "11"]
[TimeControl "180+1"]
[Date "2023.08.01"]
[WhiteClock "0:00:07"]
[BlackClock "0:00:04"]
[Board "85"]

1. e4 c5 2. Nc3 Nc6 3. g3 e5 4. Bg2 g6 5. d3 Bg7 6. Be3 d6 7. Qd2 Nge7 8. Bh6 Bf6 9. h4 Be6 10. Nf3 Qd7 11. Ng5 Bg4 12. f3 Be6 13. Nxe6 fxe6 14. Bg5 Bg7 15. Bh6 Bf6 16. h5 O-O-O 17. O-O-O d5 18. exd5 Nxd5 19. Ne4 Be7 20. Kb1 Kb8 21. Be3 Nxe3 22. Qxe3 Nd4 23. c3 Nf5 24. Qf2 g5 25. Bh3 c4 26. dxc4 Qxd1+ 27. Rxd1 Rxd1+ 28. Kc2 Rhd8 29. Kb3 b6 30. Qe2 a5 31. Bxf5 exf5 32. Nf2 R1d2 33. Qxe5+ Bd6 34. Qf6 Bc7 35. Nh3 a4+ 36. Ka3 Kb7 37. Qf7 Rf8 38. Qxh7 Kc6 39. Qg6+ Bd6+ 40. b4 axb3+ 41. Kxb3 Ra8 42. c5 bxc5 43. Nxg5 Ra3+ 44. Kxa3 c4+ 45. Qxd6+ Rxd6 46. Kb4 Kd5 47. g4 fxg4 48. fxg4 Rb6+ 49. Ka5 Rb2 50. a4 Kc5 51. Ne4+ Kd5 52. Nf6+ Ke6 53. g5 Rg2 54. h6 Rxg5+ 55. Kb4 Kf5 56. h7 1-0


[Site "https://www.chess.com"]

[Event "Titled Tuesday Blitz August 1 Early 2023"]
[White "chessmateto"]
[Black "Derige Kane, Yan"]
[BlackFideId "20665431"]
[WhiteElo "2466"]
[BlackElo "2580"]
[Result "0-1"]
[Round "11"]
[TimeControl "180+1"]
[Date "2023.08.01"]
[WhiteClock "0:00:10"]
[BlackClock "0:01:19"]
[Board "86"]

1. c4 e6 2. Nc3 d5 3. e3 Nf6 4. Nf3 Be7 5. cxd5 exd5 6. d4 O-O 7. Bd3 c6 8. O-O Bg4 9. h3 Bh5 10. Be2 Nbd7 11. Ne5 Bxe2 12. Qxe2 Nxe5 13. dxe5 Nd7 14. f4 f6 15. e6 Nc5 16. f5 Qd6 17. e4 dxe4 18. Bf4 Qd3 19. Rfe1 Rfd8 20. Nxe4 Rd4 21. Nxc5 Bxc5 22. Qxd3 Rxd3+ 23. Kh2 Kf8 24. Rac1 Bb4 25. Re4 Be7 26. Rc3 Rad8 27. Rxd3 Rxd3 28. Re3 Rd5 29. g4 g6 30. fxg6 hxg6 31. Re2 Bd6 32. Bxd6+ Rxd6 33. Kg3 Ke7 34. h4 Rxe6 35. Rxe6+ Kxe6 36. h5 Kf7 37. Kf4 Kg7 38. b4 b6 39. Ke4 Kh6 40. hxg6 Kxg6 41. Kf4 c5 42. bxc5 bxc5 43. Ke4 Kg5 44. Kd5 Kxg4 45. Kxc5 f5 46. a4 f4 47. a5 f3 48. Kc6 f2 49. Kb7 f1=Q 50. Kxa7 Qf7+ 51. Kb6 Qe6+ 52. Ka7 Qd7+ 53. Kb6 Qc8 54. Ka7 Qc7+ 55. Ka6 Kf5 56. Kb5 Ke5 57. Ka6 Kd5 58. Kb5 Qa7 59. a6 Kd6 60. Ka5 Kc5 0-1


[Site "https://www.chess.com"]

[Event "Titled Tuesday Blitz August 1 Early 2023"]
[White "Rodchenkov, Sergey D."]
[Black "Karamsetty, Jeevan"]
[WhiteFideId "4168712"]
[BlackFideId "2025337"]
[WhiteElo "2501"]
[BlackElo "2567"]
[Result "1-0"]
[Round "11"]
[TimeControl "180+1"]
[Date "2023.08.01"]
[WhiteClock "0:00:15"]
[BlackClock "0:00:11"]
[Board "87"]

1. e4 g6 2. d4 d6 3. Nc3 Bg7 4. Be3 a6 5. h4 h5 6. Qd2 b5 7. f3 Bb7 8. Nh3 Nd7 9. Ng5 e6 10. a4 b4 11. Na2 c5 12. c3 a5 13. dxc5 bxc3 14. Nxc3 Nxc5 15. Bb5+ Kf8 16. Rd1 Ke7 17. Bf4 e5 18. Be3 Ne6 19. O-O Nxg5 20. Bxg5+ f6 21. Be3 Bh6 22. Qf2 Bxe3 23. Qxe3 Nh6 24. Rd3 Qc7 25. f4 Ng4 26. Qg3 Rad8 27. Kh1 Qc5 28. Qe1 Rhf8 29. Qd2 f5 30. fxe5 Nxe5 31. Qg5+ Ke6 32. exf5+ gxf5 33. Rg3 Rf6 34. Bd3 Nxd3 35. Rxd3 Rdf8 36. Rfd1 Ke7 37. Rxd6 Qxd6 38. Rxd6 Kxd6 39. Nb5+ Ke6 40. Qe3+ Be4 41. Qb6+ Kf7 42. Qc7+ Kg6 43. Qg3+ Kh6 44. Nd6 Rg6 45. Qf4+ Kh7 46. Nxe4 Rfg8 47. Ng5+ Kh6 48. Ne6+ Kh7 49. Qxf5 Re8 50. Nf8+ Kg7 51. Qxg6+ Kxf8 52. Qxe8+ Kxe8 53. Kh2 Ke7 54. Kh3 Kf6 55. g4 hxg4+ 56. Kxg4 Kg6 57. Kf4 Kh6 58. Ke4 Kh5 59. Kd5 Kxh4 60. Kc5 Kg5 61. Kb5 Kf6 62. Kxa5 Ke7 63. Kb6 Kd8 64. Kb7 1-0


[Site "https://www.chess.com"]

[Event "Titled Tuesday Blitz August 1 Early 2023"]
[White "Manukian, Artak"]
[Black "Ambartsumova, Karina"]
[WhiteFideId "13301373"]
[BlackFideId "4166299"]
[WhiteElo "2448"]
[BlackElo "2559"]
[Result "1-0"]
[Round "11"]
[TimeControl "180+1"]
[Date "2023.08.01"]
[WhiteClock "0:01:27"]
[BlackClock "0:00:14"]
[Board "88"]

1. e4 c5 2. Nf3 e6 3. c3 d5 4. e5 d4 5. cxd4 cxd4 6. Bb5+ Bd7 7. Nxd4 Bxb5 8. Nxb5 Nc6 9. O-O a6 10. N5c3 Nge7 11. Na3 Ng6 12. Nc2 Be7 13. d4 O-O 14. Be3 Qd7 15. Qg4 Rad8 16. Rfd1 Kh8 17. g3 Bb4 18. Ne4 f5 19. exf6 gxf6 20. Nxb4 Nxb4 21. Nc5 Qd5 22. Qxe6 Qf3 23. Qe4 Qxe4 24. Nxe4 Nc2 25. Rac1 Nxe3 26. fxe3 Rde8 27. Nc5 Rxe3 28. d5 Ne5 29. d6 Re2 30. Rc3 Rxb2 31. d7 Rd8 32. Ne6 Rxd7 33. Rxd7 Rb1+ 34. Kf2 Rb2+ 35. Ke1 Rb1+ 36. Rd1 1-0


[Site "https://www.chess.com"]